 Dungeon Crawl Stone Soup version 0.32-a0-918-g0f22ef8d61 (webtiles) character file.

Game seed: 16385932707005207329

451 Doorstop00 the Chopper (level 6, -1/56 HPs)
             Began as a Minotaur Berserker on Apr 10, 2024.
             Was a Believer of Trog.
             Killed from afar by a white imp (9 damage)
             ... with a puff of frost
             ... on level 2 of the Abyss.
             The game lasted 00:10:39 (2689 turns).

Doorstop00 the Chopper (Minotaur Berserker)         Turns: 2689, Time: 00:10:39

Health: -1/56      AC: 12    Str: 22    XL:     6   Next: 75%
Magic:  5/5        EV:  8    Int:  6    God:    Trog [**....]
Gold:   178        SH:  0    Dex:  9    Spells: 5/5 levels left

rFire   + . .        a - +0 hand axe
rCold   . . .        (no shield)
rNeg    . . .        o - +2 chain mail {rF+}
rPois   .            (helmet restricted)
rElec   .            (no cloak)
rCorr   .            (no gloves)
SInv    +            r - +0 pair of boots
Will    .....        (no amulet) Stlth
                     c - +4 ring of slaying
HPRegen 0.29/turn    i - ring of see invisible
MPRegen 0.09/turn

%: no passive effects
@: on berserk cooldown, slowed, very slow
A: horns 2, retaliatory headbutt
a: Renounce Religion, Berserk, Trog's Hand


You were on level 2 of the Abyss.
You worshipped Trog.
Trog was pleased with you.
You visited 1 branch of the dungeon, and saw 5 of its levels.
You visited the Abyss 1 time.
You also visited: Sewer.

You collected 178 gold pieces.

Inventory:

Hand Weapons
 a - a +0 hand axe (weapon)
 n - a +1 mace of protection
Armour
 d - a +0 plate armour
 o - a +2 chain mail of fire resistance (worn)
 r - a +0 pair of boots (worn)
Jewellery
 b - a ring of magical power
 c - a +4 ring of slaying (left hand)
 i - a ring of see invisible (right hand)
Scrolls
 g - 2 scrolls of immolation
 k - 2 scrolls of teleportation
 m - 4 scrolls of revelation
 q - a scroll of summoning {unknown}
 t - a scroll of blinking {unknown}
 v - a scroll of fear {unknown}
Potions
 e - a potion of heal wounds
 f - a potion of invisibility
 h - a potion of enlightenment {unknown}
 j - a potion of curing {unknown}
 l - 2 potions of attraction
 p - a potion of magic {unknown}
 s - a potion of might {unknown}
 u - a potion of mutation {unknown}


   Skills:
 * Level 5.0 Fighting
 * Level 7.0 Axes
 * Level 4.3 Armour
 * Level 3.6 Dodging


You had 5 spell levels left.
You didn't know any spells.
Your spell library was empty.

Dungeon Overview and Level Annotations

Branches:
Dungeon (4/15)              Sewer (visited)
 Temple: D:4-7

Altars:
Hepliaklqana


Innate Abilities, Weirdness & Mutations

You have a pair of horns on your head.
You reflexively headbutt those who attack you in melee.


Message History

You hit the bullfrog. Your headbutt misses the bullfrog.
The bullfrog is lightly wounded.
You completely miss the orc warrior. You hit the bullfrog.
You kill the bullfrog!
Trog accepts your kill. The bullfrog hits you.
The orc warrior hits you with a +2 long sword of distortion!
Space warps around you. The bullfrog hits you.
* * * LOW HITPOINT WARNING * * *
Your Axes skill increases to level 7!
A red film seems to cover your vision as you go berserk!
You feel yourself moving faster!
You feel mighty! The bullfrog barely misses you. You furiously retaliate!
You headbutt the bullfrog!
The orc warrior hits you with a +2 long sword of distortion!
* * * LOW HITPOINT WARNING * * *
You are cast into the Abyss!
This branch contains the abyssal rune of Zot.
Unknown command.
You feel a strong urge to attack something.
You feel your anger nearly subside.
You are no longer berserk.
You are exhausted.
You feel yourself slow down. The white imp gestures at you.
The puff of frost hits you.
* * * LOW HITPOINT WARNING * * *
The white imp gestures at you.
The puff of frost hits you but does no damage.
The white imp barely misses you. The white imp gestures at you.
The puff of frost hits you!
* * * LOW HITPOINT WARNING * * *
You closely miss the white imp.
The white imp hits you but does no damage.
You hit the white imp.
The white imp is heavily wounded.
The white imp gestures at you. The puff of frost hits you!
You die...

.# #.##.#..
.#..#.....# #...#
##......#..# #.....
###..#...#..###....
.
..#..#.#..#........
.
#.#.#....#...#......
#........#..#.... #
#.@5..#..#. . ....#
#..##...............
##...#....#...
...... #..#.##.#.##.
... .
................##..
.. #...#..#
#....#....### .#.#.
. #.##### .... ..
..### . #...... #
......


You could see a white imp.

Vanquished Creatures
  2 brain worms (Sewer)
  A bullfrog (D:7)
  An orc priest (D:3)
  Jessica (D:3)
  An iguana (D:3)
  Terence (D:3)
  Natasha (D:3)
  3 adders
  2 river rats (Sewer)
  2 ribbon worms (D:2)
  2 dart slugs (D:3)
  10 orcs
  An endoplasm (D:2)
  4 giant cockroaches
  A goblin (D:1)
  6 hobgoblins
  2 quokkas
  5 ball pythons
  9 bats
  4 frilled lizards
  4 kobolds
  12 rats
75 creatures vanquished.

Notes
Turn   | Place    | Note
-------+----------+-------------------------------------------
     0 | D:1      | Doorstop00 the Minotaur Berserker began the quest for the
                  | Orb.
     0 | D:1      | Reached XP level 1. HP: 19/19 MP: 0/0
   595 | D:2      | Reached XP level 2. HP: 27/27 MP: 1/1
   603 | D:2      | Reached skill level 4 in Axes
   833 | D:2      | Reached XP level 3. HP: 33/33 MP: 2/2
   914 | D:2      | Reached ** piety under Trog
  1118 | D:3      | Reached XP level 4. HP: 31/41 MP: 3/3
  1375 | D:3      | Reached skill level 5 in Axes
  1729 | D:3      | Noticed Terence
  1740 | D:3      | Killed Terence
  1741 | D:3      | Reached XP level 5. HP: 41/47 MP: 4/4
  1800 | D:3      | Noticed Jessica
  1804 | D:3      | Killed Jessica
  1900 | D:3      | Found a faded altar of an unknown god.
  2022 | D:3      | Found a hazy altar of Hepliaklqana.
  2022 | D:3      | Noticed Natasha
  2060 | D:3      | Killed Natasha
  2214 | D:4      | Reached skill level 6 in Axes
  2214 | D:4      | Found a glowing drain.
  2223 | Sewer    | Entered a sewer
  2260 | Sewer    | Reached XP level 6. HP: 43/55 MP: 2/5
  2541 | Sewer    | Reached skill level 5 in Fighting
  2649 | D:4      | You fall into a shaft and drop 3 floors!
  2652 | D:7      | Noticed an orc warrior
  2666 | D:7      | Reached skill level 7 in Axes
  2666 | Abyss:2  | Cast into level 2 of the Abyss (orc warrior)
  2689 | Abyss:2  | Killed from afar by a white imp

Illustrated notes

Levels and vault maps discovered:
D:1:      psy_arrival_dodecagon, layout_loops_ring, minmay_close_crescents
D:2:      layout_basic, grunt_ministairs_11
D:3:      layout_basic, mainiacjoe_overflow_alcove_4, basic_ecumenical_altar,
          uniq_jessica, uniq_terence, uniq_natasha
D:4:      layout_gridville, portal_sewer_entry_d
D:7:      minmay_spotlight, layout_gridville, hangedman_decor_growths
Abyss:2:  base: D:3, hangedman_abyss_or_decor_slice

Skill      XL: |  1  2  3  4  5  6 |
---------------+-------------------+-----
Axes           | 4 5 6 7 |  7.0
Fighting       | 4 5 |  5.0
Armour         | 3 4 |  4.3
Dodging        | 3 |  3.6

Action                     |  1- 3 |  4- 6 || total
---------------------------+-------+-------++-------
  Melee: Hand axe          |    44 |   102 ||   146
         Headbutt          |     8 |    18 ||    26
 Invoke: Berserk           |       |     1 ||     1
    Use: Scroll            |     4 |     2 ||     6
 Armour: Plate armour      |    29 |    52 ||    81
         Chain mail        |       |    57 ||    57
  Dodge: Dodged            |    15 |    32 ||    47

Table legend: (Time is in decaauts)
 A = Elapsed time spent in this place.
 B = Non-inter-level travel time spent in this place.
 C = Inter-level travel time spent in this place.
 D = Time resting spent in this place.
 E = Time spent auto-exploring this place.
 F = Levels seen in this place.
 G = Mean time per level.
                   A        B        C        D        E       F      G
               +--------+--------+--------+--------+--------+-----+--------+
         Total |   2747 |   2672 |     75 |      0 |   1996 |   7 |  392.4 |
       Dungeon |   2266 |   2191 |     75 |      0 |   1668 |   5 |  453.2 |
         Abyss |     30 |     30 |      0 |      0 |      0 |   1 |   30.0 |
         Sewer |    450 |    450 |      0 |      0 |    328 |   1 |  450.0 |
               +--------+--------+--------+--------+--------+-----+--------+

Top non-repeatable levels by time:
     D:3: 1092 daAuts
     D:1: 584 daAuts
     D:2: 529 daAuts
   Sewer: 450 daAuts
     D:4: 44 daAuts
 Abyss:2: 30 daAuts
     D:7: 16 daAuts
